 Dungeon Crawl Stone Soup version 0.27.1-33-g824d729ab1 (webtiles) character file.

Game seed: 7562628747616485552

2645 Destapler the Spear-Bearer (level 9, -14/68 HPs)
             Began as a Merfolk Gladiator on Dec 5, 2021.
             Was an Elder of Okawaru.
             Demolished by a swamp worm (21 damage)
             ... on level 7 of the Dungeon.
             The game lasted 00:24:35 (7402 turns).

Destapler the Spear-Bearer (Merfolk Gladiator)      Turns: 7402, Time: 00:24:37

Health: -14/68     AC:  6    Str: 14    XL:     9   Next: 62%
Magic:  12/12      EV: 21    Int:  7    God:    Okawaru [****..]
Gold:   445        SH:  6    Dex: 19    Spells: 8/8 levels left

rFire    . . .     SeeInvis .   a - +2 trident (vorpal)
rCold    + . .     Faith    .   q - +0 buckler
rNeg     . . .     Spirit   .   B - +2 robe {rC+}
rPois    .         Reflect  .   c - +0 helmet
rElec    .         Harm     .   (no cloak)
rCorr    .         Rampage  .   i - +0 pair of gloves
Will     .....                  (boots currently unavailable)
Stlth    ++++......             (no amulet)
HPRegen  0.21/turn              (no ring)
MPRegen  0.13/turn              (no ring)

@: very quick
A: nimble swimmer 2, mertail
a: Renounce Religion, Heroism


You were on level 7 of the Dungeon.
You worshipped Okawaru.
Okawaru was greatly pleased with you.
You visited 1 branch of the dungeon, and saw 7 of its levels.
You also visited: Sewer and Ossuary.

You collected 445 gold pieces.

Inventory:

Hand Weapons
 a - a +2 vorpal trident (weapon)
Missiles
 d - 2 throwing nets
 n - 21 poisoned darts (quivered)
 F - a curare-tipped dart
Armour
 b - a +0 leather armour
 c - a +0 helmet (worn)
 i - a +0 pair of gloves (worn)
 q - a +0 buckler (worn)
 B - a +2 robe of cold resistance (worn)
 C - a +0 kite shield
Jewellery
 f - a ring of ice
Wands
 D - a wand of flame (18)
Scrolls
 j - a scroll of amnesia {unknown}
 k - 2 scrolls of fog {unknown}
 m - 2 scrolls of magic mapping
 o - 3 scrolls of identify
 p - a scroll of enchant armour
 s - 2 scrolls of fear {unknown}
 v - a scroll of immolation {unknown}
 w - 2 scrolls of brand weapon
 y - a scroll of blinking {unknown}
 z - a scroll of teleportation {unknown}
 A - 2 scrolls of noise {unknown}
Potions
 e - 3 potions of curing
 g - a potion of might
 h - 4 potions of brilliance {unknown}
 l - 4 potions of degeneration
 r - a potion of flight
 t - a potion of resistance {unknown}
 u - 2 potions of heal wounds
 x - a potion of cancellation {unknown}
 E - a potion of lignification


   Skills:
 * Level 5.4 Fighting
 * Level 9.3 Polearms
 + Level 3.2 Throwing
 + Level 0.7 Armour
 * Level 7.4 Dodging
 + Level 5.2 Stealth
 + Level 6.1 Shields
 + Level 4.2 Invocations


You had 8 spell levels left.
You didn't know any spells.
Your spell library contained the following spells:

 Spells                   Type           Power      Damage    Failure   Level
 Beastly Appendage        Tmut           0%         N/A       43%         1
 Wereblood                Tmut           0%         N/A       56%         2
 Spider Form              Tmut/Pois      0%         N/A       80%         3
 Summon Guardian Golem    Hex/Summ       0%         N/A       80%         3
 Orb of Destruction       Conj           0%         N/A       100%        7
 Spellforged Servitor     Conj/Summ      0%         N/A       100%        7


Dungeon Overview and Level Annotations

Branches:
Dungeon (7/15)             Temple (0/1) D:6           Sewer (visited)
Ossuary (visited)

Altars:
Okawaru
Qazlal
Trog
Vehumet


Innate Abilities, Weirdness & Mutations

You are quick and stealthy near water. (Stealth+, EV+, Speed+++)
Your lower body shifts to a powerful aquatic tail in water.


Message History

The swamp worm is lightly wounded.
The swamp worm closely misses you.
You puncture the swamp worm!
The swamp worm is heavily wounded.
The swamp worm bites you.
You hit the swamp worm.
The swamp worm is heavily wounded.
The swamp worm misses you.
You hit the swamp worm.
The swamp worm is heavily wounded.
You block the swamp worm's attack.
You hit the swamp worm but do no damage.
The swamp worm is heavily wounded.
The swamp worm completely misses you. x2; You block the swamp worm's attack.
You closely miss the swamp worm. You tail-slap the swamp worm.
The swamp worm is severely wounded.
The swamp worm barely misses you. The swamp worm closely misses you.
The swamp worm bites you!
You puncture the swamp worm!
You kill the swamp worm!
Okawaru accepts your kill. The swamp worm barely misses you.
You block the swamp worm's attack.
You closely miss the swamp worm. The swamp worm completely misses you.
The swamp worm bites you!
You hit the swamp worm but do no damage.
You tail-slap the swamp worm.
The swamp worm is lightly wounded.
The swamp worm misses you.
The swamp worm bites you but does no damage.
You hit the swamp worm.
The swamp worm is lightly wounded.
The swamp worm bites you! x2
* * * LOW HITPOINT WARNING * * *
The swamp worm fires a harpoon shot at you.
The harpoon shot hits you!
* * * LOW HITPOINT WARNING * * *
You are yanked forward by the harpoon shot.
Floosh!
The swamp worm bites you!!
You die...

# ..##### ##≈≈≈≈≈##
#≈≈≈≈≈≈≈##### # #≈≈≈≈..#
###≈###@w≈.###########
#≈≈≈≈w#†w≈...........#
≈≈≈≈$≈≈≈≈≈.###.......###
#≈≈≈≈≈#≈≈≈## #..........
###≈###≈≈≈# #..........
###≈≈≈≈.# #........##
≈≈≈≈≈≈##.# #........#
≈≈≈≈≈....# #........#
...#####.#######.###.#


You could see 2 swamp worms.

Vanquished Creatures
  A komodo dragon (D:6)
  Menkaure (D:5)
  A swamp worm (D:7)
  Purgy (Sewer)
  2 ice beasts (D:6)
  An ogre (D:5)
  2 centaurs
  A phantom (D:5)
  A kobold brigand (D:6)
  10 scorpions
  4 killer bees
  A howler monkey (D:5)
  2 centaur zombies (Ossuary)
  2 jellies
  A bullfrog skeleton (D:5)
  A gnoll shaman (D:4)
  A hound (D:4)
  An iguana (D:6)
  5 scorpion zombies (Ossuary)
  3 mummies (Ossuary)
  A hound skeleton (D:4)
  6 gnolls
  8 adders
  2 shadow imps
  2 white imps
  An ufetubus (D:6)
  3 worms
  A dart slug (D:1)
  8 orcs
  7 ball pythons
  3 endoplasms
  12 giant cockroaches
  2 gnoll zombies (Ossuary)
  5 goblins
  6 hobgoblins
  9 jackals
  16 kobolds
  3 quokkas
  3 bats
  5 frilled lizards
  A goblin zombie (Ossuary)
  4 hobgoblin zombies (Ossuary)
  A kobold zombie (Ossuary)
  3 orc zombies (Ossuary)
  9 rats
163 creatures vanquished.

Vanquished Creatures (others)
  4 plants (D:7)
4 creatures vanquished.

Grand Total: 167 creatures vanquished

Notes
Turn   | Place    | Note
-------+----------+-------------------------------------------
     0 | D:1      | Destapler the Merfolk Gladiator began the quest for the
                  | Orb.
     0 | D:1      | Reached XP level 1. HP: 16/16 MP: 1/1
     1 | D:1      | Found a runed translucent door.
    72 | D:1      | Reached XP level 2. HP: 18/23 MP: 2/2
   521 | D:1      | Reached XP level 3. HP: 29/29 MP: 3/3
   682 | D:1      | Reached skill level 5 in Polearms
  1268 | D:2      | Reached XP level 4. HP: 31/37 MP: 4/4
  1806 | D:2      | Found a faded altar of an unknown god.
  2136 | D:3      | Found a bloodstained altar of Trog.
  2137 | D:3      | Found an iron altar of Okawaru.
  2138 | D:3      | Found a stormy altar of Qazlal.
  2138 | D:3      | Found a radiant altar of Vehumet.
  2144 | D:3      | Became a worshipper of Warmaster Okawaru
  2294 | D:3      | Reached skill level 1 in Shields
  2392 | D:3      | Reached XP level 5. HP: 29/42 MP: 5/5
  3330 | D:4      | Reached XP level 6. HP: 24/48 MP: 6/6
  3819 | D:5      | Entered Level 5 of the Dungeon
  3835 | D:5      | Reached * piety under Okawaru
  3836 | D:5      | Reached skill level 5 in Dodging
  3916 | D:5      | Found a glowing drain.
  3926 | Sewer    | Entered a sewer
  3956 | Sewer    | Noticed Purgy
  3983 | Sewer    | Killed Purgy
  3984 | Sewer    | Reached skill level 1 in Stealth
  3984 | Sewer    | Reached skill level 1 in Invocations
  3984 | Sewer    | Reached XP level 7. HP: 20/54 MP: 7/7
  4134 | D:5      | Found a sand-covered staircase.
  4139 | Ossuary  | Entered an ossuary
  4430 | Ossuary  | Reached skill level 6 in Polearms
  4458 | Ossuary  | Reached ** piety under Okawaru
  4742 | Ossuary  | Reached XP level 8. HP: 31/61 MP: 9/9
  5093 | Ossuary  | Reached skill level 5 in Fighting
  5313 | D:5      | Reached skill level 5 in Shields
  5389 | D:5      | Reached skill level 7 in Polearms
  5449 | D:5      | Noticed Menkaure
  5469 | D:5      | Killed Menkaure
  5716 | D:5      | Reached *** piety under Okawaru
  6054 | D:6      | Noticed a komodo dragon
  6082 | D:6      | Killed a komodo dragon
  6083 | D:6      | Reached skill level 8 in Polearms
  6083 | D:6      | Reached skill level 5 in Stealth
  6083 | D:6      | Reached XP level 9. HP: 36/68 MP: 12/12
  6770 | D:6      | Reached skill level 9 in Polearms
  6872 | D:6      | Reached **** piety under Okawaru
  7303 | D:6      | Found a staircase to the Ecumenical Temple.
  7402 | D:7      | Demolished by a swamp worm

Illustrated notes

Levels and vault maps discovered:
D:1:      dpeg_arrival_caged_fury, layout_basic, minivault_5,
          roderic_cross_of_infinity
D:2:      layout_basic, hellmonk_ecumenical_altar_pennies_from_heaven,
          minivault_26
D:3:      layout_loops_ring, chequers_temple_overflow_statue_of_worship,
          minmay_diced_spiral
D:4:      layout_loops_ring, serial_glass, glass_columns_c, glass_columns_a,
          glass_columns_a, glass_columns_a, glass_columns_a, glass_columns_a,
          glass_columns_a, glass_columns_a, glass_columns_b, glass_columns_b
D:5:      layout_rooms, portal_sewer_entry_d, enter_ossuary_2,
          minmay_crystal_room, uniq_menkaure
D:6:      layout_layer_cave, minmay_temple_entry_grid
D:7:      layout_loops_ring, worms_lemuel

Skill      XL: |  1  2  3  4  5  6  7  8  9 |
---------------+----------------------------+-----
Fighting       | 3 4 5 |  5.4
Polearms       | 5 6 8 9 |  9.3
Shields        | 1 3 4 5 6 |  6.1
Dodging        | 5 7 |  7.4
Stealth        | 1 2 5 |  5.2
Invocations    | 1 2 4 |  4.2
Throwing       | 3 |  3.2
Armour         | |  0.7

Action                   |  1- 3 |  4- 6 |  7- 9 || total
-------------------------+-------+-------+-------++-------
Melee: Trident           |   106 |   215 |   284 ||   605
       Tailslap          |       |     6 |     4 ||    10
Throw: Throwing net      |       |     1 |     3 ||     4
       Dart              |       |       |    17 ||    17
  Use: Scroll            |       |     5 |     3 ||     8
       Potion            |       |     2 |     5 ||     7
 Stab: Sleeping          |     1 |     3 |     9 ||    13
       Distracted        |     1 |       |       ||     1
Armor: Leather armour    |    21 |    48 |    27 ||    96
       Skin              |       |    16 |       ||    16
       Robe              |       |       |    11 ||    11
Dodge: Dodged            |    56 |   151 |   158 ||   365
Block: Buckler           |       |       |    22 ||    22
